 Dungeon Crawl Stone Soup version 0.22-a0-396-g3f858e3 (webtiles) character file.

213 FrankyJ the Ducker (level 5, -3/39 HPs)
             Began as a Demonspawn Gladiator on May 3, 2018.
             Slain by a worker ant (5 damage)
             ... on level 3 of the Dungeon.
             The game lasted 00:05:22 (3407 turns).

FrankyJ the Ducker (Demonspawn Gladiator)           Turns: 3407, Time: 00:05:23

Health: -3/39      AC:  5    Str: 20    XL:     5   Next: 59%
Magic:  5/5        EV: 14    Int:  9    God:
Gold:   135        SH:  0    Dex: 15    Spells: 4/4 levels left

rFire    + . .     SeeInvis .   a - +0 trident
rCold    x . .     Gourm    .   (no shield)
rNeg     . . .     Faith    .   b - +0 leather armour
rPois    .         Spirit   .   c - +0 helmet
rElec    .         Reflect  .   (no cloak)
rCorr    .         Harm     .   (no gloves)
MR       .....                  (no boots)
Stlth    +.........             (no amulet)
HPRegen  0.13/turn              s - ring of fire
MPRegen  0.09/turn              (no ring)

@: mighty, lethally poisoned (-3 -> -7)
A: rugged brown scales 1, demonic guardian 1
a: no special abilities


You were on level 3 of the Dungeon.
You were not hungry.

You visited 1 branch of the dungeon, and saw 3 of its levels.

You collected 135 gold pieces.

Inventory:

Hand Weapons
 a - a +0 trident (weapon)
Missiles
 d - 3 throwing nets (quivered)
 e - 4 exploding tomahawks
 h - 7 tomahawks of returning
 p - 6 tomahawks
Armour
 b - a +0 leather armour (worn)
 c - a +0 helmet (worn)
Jewellery
 s - a ring of fire (left hand)
Scrolls
 g - a scroll of enchant weapon {unknown}
 i - 2 scrolls of identify {unknown}
 j - 2 scrolls of remove curse {unknown}
 k - 2 scrolls of fear {unknown}
 l - 2 scrolls of magic mapping {unknown}
Potions
 o - a potion of resistance {unknown}
 q - a potion of degeneration {unknown}
Comestibles
 f - 6 rations
 r - 7 chunks of flesh


   Skills:
 - Level 2.0 Fighting
 - Level 4.0 Polearms
 - Level 2.1 Throwing
 + Level 4.8 Dodging


You had 4 spell levels left.
You didn't know any spells.

Dungeon Overview and Level Annotations

Branches:
Dungeon (3/15)

Altars:


Innate Abilities, Weirdness & Mutations

You are partially covered in rugged brown scales. (AC +1, +3% HP)
A weak demonic guardian rushes to your aid.


Message History

You feel sick. The worker ant closely misses you.
Your shadow imp hits the worker ant but does no damage.
You closely miss the worker ant.
The worker ant is moderately wounded.
You feel sick. The worker ant bites you.
* * * LOW HITPOINT WARNING * * *
The worker ant bites you.
* * * LOW HITPOINT WARNING * * *
Your shadow imp barely misses the worker ant.
It was a potion of might.
You feel very mighty all of a sudden. The worker ant closely misses you.
Your shadow imp barely misses the worker ant.
You hit the worker ant.
The worker ant is moderately wounded.
* * * LOW HITPOINT WARNING * * *
You feel sick.
Your shadow imp disappears in a puff of smoke!
The worker ant bites you.
You die...

#.#.##....##...)........#
#.#.##....##............#
#.#'##....+..####.......#
#....#....#### #.......#
#.........# #.......#
'....##...# #.......#
#........## #####.†....#
#....##### #..........#
...#.... #..@§......#
...#....# #..a.......#
...#....### #..........#
...'....... +..........#
...#.....### #..........#
..)......#.. ...........#
.........#.##............
.....#'#.#.##...........
.......#.#<.#.###


You could see a worker ant.

Vanquished Creatures
  Terence (D:2)
  Natasha (thrice) (D:2)
  3 adders
  2 oozes
  4 worms
  3 dart slugs
  2 leopard geckos
  An orc (D:3)
  A ball python (D:2)
  4 bats
  2 giant cockroaches (D:2)
  8 goblins
  11 hobgoblins
  2 jackals (D:2)
  A quokka (D:2)
  A frilled lizard (D:2)
  4 kobolds
  5 rats
58 creatures vanquished.

Vanquished Creatures (collateral kills)
  A bat (D:3)
1 creature vanquished.

Grand Total: 59 creatures vanquished

Notes
Turn   | Place    | Note
-------+----------+-------------------------------------------
     0 | D:1      | FrankyJ the Demonspawn Gladiator began the quest for the Orb.
     0 | D:1      | Reached XP level 1. HP: 16/16 MP: 1/1
   278 | D:1      | Gained mutation: You are partially covered in rugged brown scales. (AC +1, +3% HP) [demonic ancestry]
   278 | D:1      | Reached XP level 2. HP: 11/22 MP: 2/2
  1206 | D:2      | Reached XP level 3. HP: 17/27 MP: 3/3
  1738 | D:2      | Noticed Natasha
  1759 | D:3      | Gained mutation: A weak demonic guardian rushes to your aid. [demonic ancestry]
  1759 | D:3      | Reached XP level 4. HP: 14/33 MP: 4/4
  2090 | D:2      | Killed Natasha
  2257 | D:2      | Noticed Natasha
  2270 | D:2      | Killed Natasha
  2400 | D:2      | Reached XP level 5. HP: 39/39 MP: 5/5
  2697 | D:2      | Noticed Natasha
  2705 | D:2      | Killed Natasha
  2927 | D:3      | Noticed Terence
  3081 | D:2      | Killed Terence
  3407 | D:3      | Slain by a worker ant

Vault maps used:
D:1:      lightli_arrival_statue_moat
D:2:      first_ration, uniq_natasha
D:3:      uniq_robin, uniq_sigmund, uniq_terence

Skill      XL: |  1  2  3  4 |
---------------+-------------+-----
Throwing       | 2 |  2.1
Dodging        | 3 4 |  4.8
Polearms       | 3 4 |  4.0
Fighting       | |  2.0

Action                   |  1- 3 |  4- 6 || total
-------------------------+-------+-------++-------
Melee: Trident           |   138 |   127 ||   265
  Use: Potion            |       |     3 ||     3
 Stab: Sleeping          |     1 |     1 ||     2
  Eat: Chunk             |     3 |     5 ||     8
Armor: Leather armour    |    35 |    22 ||    57
Dodge: Dodged            |    90 |    77 ||   167

Table legend:
 A = Spawn XP
 B = Non-spawn XP
 C = Spawn XP percentage of total XP
 D = Spawn monster count
 E = Non-spawn monster count
 F = Spawn count percentage of total count
 G = Total turns spent on level
                    A         B        C        D         E        F      G
               +---------+---------+-------+---------+---------+-------+---------
         Total |       0 |     305 |   0.0 |       0 |      59 |   0.0 |  3407
               +---------+---------+-------+---------+---------+-------+---------
           D:1 |       0 |      37 |   0.0 |       0 |      17 |   0.0 |  1189
           D:2 |       0 |     224 |   0.0 |       0 |      30 |   0.0 |  1735
           D:3 |       0 |      44 |   0.0 |       0 |      12 |   0.0 |   483
               +---------+---------+-------+---------+---------+-------+---------
